Map: Abyssal Reef LE

Players

uThermal - Winner!

  • Race: Terran Terran
  • Spawn Location: 5:00

INnoVation

  • Race: Terran Terran
  • Spawn Location: 11:00

Event: IEM XI Katowice - World Championship 2017

VOD

Have the link to the VOD?

Description

Time

  • Played on: March 3, 2017, 4:14 p.m.
  • Length: 3:52

All games in this series

Show
View Real Time Build Order
Export as new Build Order

uThermal Terran - Winner!

Build Orders:  

Get SALT Encoding   

  12  0:11  Supply Depot  
  12  0:13  SCV  
  13  0:39  Refinery, Barracks  
  13  0:43  SCV  
  14  0:59  Barracks  
  14  1:26  Reaper  
  14  1:28  Barracks  
  14  1:29  Refinery  
  15  1:46  Reaper  
  16  1:58  Reaper  
  16  2:15  Reaper  
  16  2:18  Reaper  
  18  2:31  Reaper  
  18  2:47  Reaper  
  18  2:49  Orbital Command  
  18  2:50  Reaper  
  19  3:03  Reaper  
  19  3:20  Reaper  
Show
View Real Time Build Order
Export as new Build Order

INnoVation Terran 

Build Orders: 1/1/1 

Get SALT Encoding   

  12  0:00  SCV  
  13  0:12  SCV  
  14  0:17  Supply Depot  
  14  0:24  SCV  
  14  0:28  Refinery  
  15  0:38  SCV  
  16  0:44  Barracks  
  16  0:50  SCV  
  16  0:55  Refinery  
  17  1:02  SCV  
  18  1:14  SCV  
  19  1:30  Orbital Command  
  19  1:31  Reaper  
  20  1:34  Factory  
  20  1:47  Supply Depot  
  20  1:56  SCV  
  21  2:03  Reaper  
  21  2:08  SCV  
  23  2:18  Hellion  
  23  2:19  Starport  
  23  2:20  SCV  
  25  2:36  SCV  
  26  2:39  Reaper  
  25  2:47  Hellion  
  25  2:48  SCV  
  25  2:51  Supply Depot  
  27  3:00  SCV  
  27  3:08  Hellion  
  26  3:17  SCV  

Tags
 
Add a new tag
Caveats
  • Supply blocks, unpowered buildings, or Contaminate may cause inaccurate times.
  • Supply counts are checked every 10 seconds.